 Dungeon Crawl Stone Soup version 0.18.1-6-gd335043 (webtiles) character file.

9026 HeyPeaces the Fighter (level 11, -12/76 HPs)
             Began as a Gargoyle Fighter on May 15, 2016.
             Was a Believer of Qazlal.
             Mangled by Gastronok (23 damage)
             ... on level 10 of the Dungeon on May 16, 2016.
             The game lasted 01:19:38 (12588 turns).

HeyPeaces the Fighter (Gargoyle Fighter)           Turns: 12588, Time: 01:19:39

Health: -12/76     AC: 29    Str: 28    XL:     11   Next: 40%
Magic:  11/11      EV:  9    Int: 11    God:    Qazlal [**....]
Gold:   237        SH:  3    Dex: 13    Spells: 0 memorised, 10 levels left

rFire  . . .     SeeInvis .     e - +2 quarterstaff (crush)
rCold  + . .     Gourm    .     b - +0 plate armour {rC+}
rNeg   + . .     Faith    .     (shield currently unavailable)
rPois  ∞         Spirit   .     t - +0 helmet
rElec  +         Dismiss  .     A - +0 cloak
rCorr  .         Reflect  .     d - +0 pair of gloves
SustAt .         Harm     .     (no boots)
MR     +....     Clarity  +     (no amulet)
Stlth  ..........               p - ring of poison resistance
                                x - +2 ring of dexterity

@: mighty, somewhat resistant to hostile enchantments, extremely unstealthy
A: talons 1, rugged brown scales 1, thin skeletal structure 1, yellow scales 1,
clarity, clever 1, magic resistance 1, negative energy resistance 1, electricity
resistance, wild magic 1, unbreathing, petrification resistance, rot immunity,
AC +7
a: Upheaval, Renounce Religion


You were on level 10 of the Dungeon.
You worshipped Qazlal.
Qazlal was pleased with you.
You were not hungry.

You visited 1 branch of the dungeon, and saw 10 of its levels.

You collected 475 gold pieces.
You spent 238 gold pieces at shops.

Inventory:

Hand Weapons
 e - a +2 quarterstaff of crushing (weapon)
 w - a +2 flail of protection
Armour
 b - a +0 plate armour of cold resistance (worn)
 d - a +0 pair of gloves (worn)
 j - a +1 fire dragon armour
 t - a +0 helmet (worn)
 A - a +0 cloak (worn)
Jewellery
 g - an uncursed ring of resist corrosion
 p - a ring of poison resistance (right hand)
 x - a +2 ring of dexterity (left hand)
 D - a +4 ring of dexterity
Wands
 m - a wand of slowing (13/48)
 n - a wand of slowing (28/48)
 s - a wand of iceblast (11/15)
Scrolls
 i - 3 scrolls of teleportation
 k - 6 scrolls of remove curse
 q - 3 scrolls of fog
 E - a scroll of blinking
Potions
 B - a potion of haste
 C - a potion of might
Comestibles
 f - 3 bread rations
 h - 15 fruits
 l - 7 slices of pizza
 o - 5 meat rations
 u - a royal jelly
 z - 2 beef jerkies
 H - 2 chunks of flesh


   Skills:
 * Level 11.5 Fighting
   Level 3.9(4.8) Axes
 - Level 4.8(5.9) Maces & Flails
 * Level 2.6(4.0) Staves
 + Level 10.5 Armour
 + Level 3.3 Dodging
 + Level 1.2 Stealth
   Level 3.4 Shields
 * Level 6.6 Unarmed Combat


You had 10 spell levels left.
You didn't know any spells.

Dungeon Overview and Level Annotations

Branches:
Dungeon (10/15)            Temple (0/1) D:6
   Lair: D:8-11         Orc: D:9-12

Altars:
Dithmenos
Fedhas
Gozag
Kikubaaqudgha
Nemelex Xobeh
Pakellas
Qazlal
Sif Muna
Trog
Yredelemnul
The Shining One

Shops:
D:5 [   D:8 (

Annotations:
D:10 Gastronok


Innate Abilities, Weirdness & Mutations

You are resistant to torment.
Your stone body is resilient (AC +7).
You are immune to poison.
You resist negative energy.
You are resistant to electric shocks.
You can survive without breathing.
You are immune to petrification.
You are immune to rotting.
You have sharp toenails.
You are partially covered in rugged brown scales (AC +1, +3% HP).
You have a somewhat thin skeletal structure (Dex +2, Stealth).
You are partially covered in yellow scales (AC +2).
You possess an exceptional clarity of mind.
Your mind is acute. (Int +2)
You are resistant to hostile enchantments.
Your spells are a little harder to cast, but a little more powerful.


Message History

Gastronok is severely wounded.
The river rat bites you but does no damage.
Gastronok bites you but does no damage.
You hit Gastronok. You claw Gastronok.
Gastronok is severely wounded.
The river rat bites you.
The river rat bites you but does no damage.
You completely miss Gastronok. You claw Gastronok.
Gastronok is severely wounded.
Gastronok waves his eye-stalks in wide circles.
The air twists around and strikes you!
* * * LOW HITPOINT WARNING * * *
The river rat closely misses you.
You thump Gastronok! You claw Gastronok.
Gastronok is almost dead.
The river rat barely misses you.
You sock Gastronok! You claw Gastronok, but do no damage.
Gastronok is almost dead.
Gastronok bites you!!
You die...

#.....#
#.>...####..+
#..........#
#...).#
####.##
###†.##
#..†..#
#..wr.#
#...@§####
#...§.o..#
#.....##..#
#.....# ...+
#.....# ###
####.###
##....#
#..#### #.##


You could see Gastronok, a river rat and an orc.

Vanquished Creatures
  A hydra (D:8)
  An unseen horror (D:4)
  The ghost of Strunz the Basher, a novice GrGl of Dithmenos (D:7)
  An ugly thing (D:7)
  Maurice (D:8)
  Joseph (D:8)
  An elephant (D:10)
  A troll (D:10)
  Prince Ribbit (D:6)
  2 two-headed ogres
  2 yaks (D:8)
  A wyvern (D:8)
  A human (D:9)
  Menkaure (D:6)
  Edmund (D:6)
  2 water moccasins
  Duvessa (D:5)
  2 phantoms
  2 orc warriors
  3 ice beasts
  A wasp (D:7)
  2 black bears
  3 centaurs
  3 ogres
  A crocodile (D:10)
  4 big kobolds
  3 giant frogs
  Dowan (D:5)
  A gnoll sergeant (D:9)
  4 scorpions
  4 howler monkeys (D:8)
  An electric eel (D:9)
  2 crimson imps (D:5)
  A centaur zombie (D:9)
  6 hounds
  2 jellies (D:9)
  11 orc wizards
  3 gnoll shamans
  5 orc priests
  A giant frog skeleton (D:4)
  A giant frog zombie (D:5)
  A centaur skeleton (D:4)
  An iguana (D:5)
  7 worker ants
  3 sheep
  17 gnolls
  2 howler monkey skeletons
  11 adders
  2 shadow imps
  2 oozes
  3 adder zombies
  An adder skeleton (D:8)
  2 worms (D:4)
  3 dart slugs
  6 giant geckos
  37 orcs
  A ball python (D:1)
  14 bats
  A giant cockroach (D:2)
  9 goblins
  9 hobgoblins
  15 jackals
  6 kobolds
  2 quokkas
  A giant gecko skeleton (D:4)
  A giant gecko zombie (D:5)
  2 giant newts
  2 kobold zombies (D:9)
  3 rats (D:1)
251 creatures vanquished.

Vanquished Creatures (others)
  An orc wizard (D:6)
  An orc (D:6)
  A bush (D:5)
3 creatures vanquished.

Grand Total: 254 creatures vanquished

Notes
Turn   | Place    | Note
--------------------------------------------------------------
     0 | D:1      | HeyPeaces the Gargoyle Fighter began the quest for the Orb.
     0 | D:1      | Reached XP level 1. HP: 14/14 MP: 1/1
    28 | D:1      | Gained mutation: You have sharp toenails. [potion of mutation]
    28 | D:1      | Gained mutation: You are resistant to hostile enchantments. [potion of mutation]
    28 | D:1      | Gained mutation: You are partially covered in yellow scales (AC +2). [potion of mutation]
   127 | D:1      | Reached XP level 2. HP: 17/19 MP: 2/2
   521 | D:1      | Reached XP level 3. HP: 18/24 MP: 3/3
  1091 | D:2      | Reached skill level 4 in Fighting
  1457 | D:2      | Found a sparkling altar of Nemelex Xobeh.
  1457 | D:2      | Found a glowing golden altar of the Shining One.
  1458 | D:2      | Found a deep blue altar of Sif Muna.
  1458 | D:2      | Found a stormy altar of Qazlal.
  1459 | D:2      | Found a blossoming altar of Fedhas.
  1460 | D:2      | Found an oddly glowing altar of Pakellas.
  1555 | D:2      | Reached XP level 4. HP: 29/29 MP: 4/4
  1659 | D:2      | Reached skill level 1 in Unarmed Combat
  3020 | D:3      | Reached skill level 1 in Dodging
  3197 | D:3      | Reached XP level 5. HP: 34/34 MP: 5/5
  3429 | D:4      | Reached skill level 5 in Fighting
  3736 | D:4      | Gained mutation: You are partially covered in rugged brown scales (AC +1, +3% HP). [potion of mutation]
  3736 | D:4      | Gained mutation: Your spells are a little harder to cast, but a little more powerful. [potion of mutation]
  3897 | D:4      | Reached XP level 6. HP: 41/41 MP: 6/6
  4110 | D:4      | Found an ancient bone altar of Kikubaaqudgha.
  4175 | D:4      | Reached skill level 1 in Stealth
  4273 | D:4      | Reached skill level 5 in Armour
  4318 | D:4      | Reached XP level 7. HP: 41/46 MP: 7/7
  4356 | D:4      | Identified the Almanac of the Volcanoes and Sinister Rites
  4731 | D:5      | Entered Level 5 of the Dungeon
  4868 | D:5      | Reached skill level 6 in Fighting
  5047 | D:5      | Noticed Dowan
  5048 | D:5      | Noticed Duvessa
  5073 | D:5      | Killed Duvessa
  5099 | D:5      | Killed Dowan
  5277 | D:5      | Gained mutation: You possess an exceptional clarity of mind. [potion of beneficial mutation]
  5611 | D:5      | Reached XP level 8. HP: 50/53 MP: 8/8
  5962 | D:4      | Killed an unseen horror
  5962 | D:4      | Reached skill level 7 in Fighting
  6257 | D:5      | Found a basalt altar of Yredelemnul.
  6472 | D:5      | Found Ipaogrib's Armour Boutique.
  6483 | D:5      | Bought a +0 pair of gloves for 63 gold pieces
  6906 | D:5      | Reached XP level 9. HP: 58/58 MP: 9/9
  7208 | D:6      | Reached skill level 1 in Axes
  7336 | D:6      | Found a staircase to the Ecumenical Temple.
  7462 | D:6      | Found an opulent altar of Gozag.
  7604 | D:6      | Noticed Menkaure
  7611 | D:6      | Killed Menkaure
  7670 | D:6      | Noticed Prince Ribbit
  7671 | D:6      | Noticed Edmund
  7745 | D:6      | Killed Edmund
  7745 | D:6      | Reached skill level 8 in Fighting
  7925 | D:6      | Killed Prince Ribbit
  8087 | D:6      | Found a shadowy altar of Dithmenos.
  8265 | D:7      | Noticed a brown ugly thing
  8274 | D:7      | Killed a brown ugly thing
  8274 | D:7      | Reached skill level 9 in Fighting
  8274 | D:7      | Reached skill level 5 in Unarmed Combat
  8339 | D:7      | Gained mutation: Your mind is acute. (Int +2) [mutagenic meat]
  8340 | D:7      | Gained mutation: You have a somewhat thin skeletal structure (Dex +2, Stealth). [mutagenic meat]
  8376 | D:7      | Found a stormy altar of Qazlal.
  8504 | D:7      | Reached XP level 10. HP: 64/67 MP: 10/10
  8747 | D:7      | Noticed Strunz's ghost (novice GrGl)
  8748 | D:7      | Found a stormy altar of Qazlal.
  8795 | D:7      | Killed Strunz's ghost
  9017 | D:7      | Became a worshipper of Qazlal Stormbringer
  9695 | D:8      | Reached skill level 10 in Fighting
  9707 | D:8      | Found an opulent altar of Gozag.
  9800 | D:8      | Found Waquvakk's Antique Weapon Emporium.
  9979 | D:8      | Bought a glowing battleaxe for 175 gold pieces
 10130 | D:8      | Noticed a three-headed hydra
 10146 | D:8      | Killed a four-headed hydra
 10146 | D:8      | Reached * piety under Qazlal
 10146 | D:8      | Reached skill level 10 in Armour
 10456 | D:8      | Noticed Joseph
 10459 | D:8      | Noticed Maurice
 10470 | D:8      | Killed Joseph
 10471 | D:8      | Killed Maurice
 10921 | D:8      | Reached XP level 11. HP: 60/75 MP: 11/11
 11036 | D:8      | Reached skill level 11 in Fighting
 11280 | D:8      | Found a bloodstained altar of Trog.
 11755 | D:9      | Reached ** piety under Qazlal
 11843 | D:9      | Reached skill level 1 in Staves
 11912 | D:9      | Found a runed door.
 11915 | D:9      | Found a basalt altar of Yredelemnul.
 12380 | D:10     | Entered Level 10 of the Dungeon
 12550 | D:10     | Noticed Gastronok
 12588 | D:10     | Mangled by Gastronok

Skill      XL: |  1  2  3  4  5  6  7  8  9 10 11 |
---------------+----------------------------------+-----
Fighting       | 4 5 6 7 9 10 11 | 11.5
Armour         | 4 5 6 7 8 10 | 10.5
Unarmed Combat | 1 2 3 5 6 |  6.6
Dodging        | 1 2 3 |  3.3
Maces & Flails | 3 4 |  4.8
Stealth        | 1 |  1.2
Axes           | 2 3 |  3.9
Staves         | 2 |  2.6
Shields        | |  3.4

Action                   |  1- 3 |  4- 6 |  7- 9 | 10-12 || total
-------------------------+-------+-------+-------+-------++-------
Melee: Flail             |   126 |   184 |   408 |   220 ||   938
       Kick              |    29 |    57 |   179 |   155 ||   420
       Morningstar       |       |    47 |       |       ||    47
       War axe           |       |       |   131 |       ||   131
       Dire flail        |       |       |    82 |       ||    82
       Punch             |       |       |     1 |     4 ||     5
       Battleaxe         |       |       |       |    45 ||    45
       Quarterstaff      |       |       |       |   176 ||   176
  Use: Scroll            |     5 |     5 |     3 |     6 ||    19
       Potion            |     1 |     5 |     5 |     2 ||    13
  Eat: Chunk             |     2 |     8 |     3 |     3 ||    16
       Bread ration      |       |     1 |       |     3 ||     4
       Fruit             |       |       |     3 |       ||     3
       Meat ration       |       |       |     1 |       ||     1
       Beef jerky        |       |       |     1 |       ||     1
       Royal jelly       |       |       |     1 |       ||     1
Armor: Chain mail        |    34 |       |       |       ||    34
       Scale mail        |     6 |       |       |       ||     6
       Plate armour      |    89 |   196 |   576 |   506 ||  1367
       Fire dragon armou |       |       |    12 |       ||    12
Dodge: Dodged            |    29 |    39 |   165 |   215 ||   448
Block: Shield            |    92 |   135 |   236 |       ||   463
       Other             |       |       |       |    23 ||    23
